 Dungeon Crawl Stone Soup version 0.31-a0-108-gdf935468f2 (webtiles) character file.

Game seed: 16187520997320929426

1704005 Drazool the Impregnable (level 26, 251/251 HPs)
             Began as an Armataur Fighter on May 27, 2023.
             Was the Champion of Ru.
             Escaped with the Orb
             ... and 3 runes on May 28, 2023!
             The game lasted 05:18:35 (69535 turns).

Drazool the Impregnable (Armataur Fighter)         Turns: 69535, Time: 05:18:36

Health: 251/251    AC: 56    Str: 32    XL:     26
Magic:  33/33      EV:  7    Int:  9    God:    Ru [******]
Gold:   5220       SH: 15    Dex: 11    Spells: 45/45 levels left

rFire   + + .        a - +9 broad axe (freeze)
rCold   + . .        Q - +2 kite shield {AC+3}
rNeg    + . .        r - +3 gold dragon scales
rPois   +            p - +2 helmet
rElec   .            u - +4 dragonskin cloak
rCorr   .            V - +2 pair of gloves {hurl}
SInv    +            R - +4 barding
Will    +++..        S - amulet "Zautwoq" {Spirit Regen+} Stlth
                     y - ring of Ignis's Castigation {rN+ Will++ Stlth+}
HPRegen 1.41/turn    E - ring of Disaster {rF+ SInv}
MPRegen 0.23/turn

%: guardian spirit, roll
@: studying 2 skills
A: large, rugged brown scales 3, deformed body, inability to use devices, hated
by all, no conjurations magic, no hexes magic, no ice magic, inexperienced 1,
armoured tail, roll, long tongue, awkward tongue, frail 1, low MP 1, mutation
resistance 1, inability to read after injury 1
0: Orb of Zot
}: 3/15 runes: decaying, serpentine, silver
a: Renounce Religion, Draw Out Power, Power Leap, Apocalypse


You escaped.
You worshipped Ru.
Ru was exalted by your worship.
You visited 11 branches of the dungeon, and saw 51 of its levels.
You visited 1 bazaar.
You also visited: Gauntlet and Wizlab.

You collected 10082 gold pieces.
You spent 4862 gold pieces at shops.


Innate Abilities, Weirdness & Mutations

You are completely covered in rugged brown scales. (AC +3, +7% HP)
Armour fits poorly on your strangely shaped body.
You cannot study or use magical devices.
You are hated by all.
You cannot study or cast Conjurations magic.
You cannot study or cast Hexes magic.
You cannot study or cast Ice magic.
You are somewhat inexperienced. (-1 XL)
You have a long armoured tail.
You roll when moving toward enemies. (Rampage)
Your long tongue fully drains potion bottles. (2x potion effects)
Your tongue gives you trouble enunciating. (1.5x scroll delay)
You are frail. (-10% HP)
Your magical capacity is low. (-10% MP)
You are somewhat resistant to further mutation.
You occasionally lose the ability to read scrolls when taking damage.


   Skills:
 * Level 25.6 Fighting
 - Level 17.5(18.0) Axes
 - Level 7.3(14.2) Maces & Flails
 + Level 14.6 Throwing
 - Level 26.0 Armour
 - Level 11.2 Dodging
 - Level 12.7 Stealth
 - Level 15.0 Shields
 - Level 10.0 Spellcasting


You had 45 spell levels left.
You didn't know any spells.
Your spell library contained the following spells:

 Spells                   Type           Power      Damage    Failure   Level
 Apportation              Tloc           8%         N/A       71%         1
 Beastly Appendage        Tmut           8%         N/A       71%         1
 Necrotise                Necr           16%        1d4       71%         1
 Blink                    Tloc           8%         N/A       83%         2
 Lesser Beckoning         Tloc           8%         N/A       83%         2
 Scorch                   Fire           8%         2d5       83%         2
 Wereblood                Tmut           4%         N/A       83%         2
 Gell's Gravitas          Tloc           4%         N/A       97%         3
 Ignite Poison            Fire/Tmut/Pois 4%         N/A       97%         3
 Spider Form              Tmut/Pois      4%         N/A       97%         3
 Swiftness                Air            4%         N/A       97%         3
 Teleport Other           Tloc           4%         N/A       97%         3
 Vampiric Draining        Necr           4%         2d6       97%         3
 Vhi's Electric Charge    Tloc/Air       8%         N/A       97%         3
 Volatile Blastmotes      Fire/Tloc      8%         2d10      97%         3
 Airstrike                Air            2%         2d(1-17)  100%        4
 Dispel Undead            Necr           4%         3d7       100%        4
 Manifold Assault         Tloc           4%         N/A       100%        4
 Olgreb's Toxic Radiance  Pois           4%         N/A       100%        4
 Petrify                  Tmut/Erth      4%         N/A       100%        4
 Agony                    Necr           4%         N/A       100%        5
 Alistair's Intoxication  Tmut/Pois      2%         N/A       100%        5
 Blade Hands              Tmut           2%         N/A       100%        5
 Borgnjor's Vile Clutch   Necr/Erth      2%         N/A       100%        5
 Lee's Rapid Deconstruct  Erth           2%         3d4*      100%        5
 Eringya's Noxious Bog    Tmut/Pois      2%         N/A       100%        6
 Plasma Beam              Fire/Air       2%         2x1d13    100%        6
 Statue Form              Tmut/Erth      2%         N/A       100%        6
 Storm Form               Tmut/Air       2%         N/A       100%        7
 Borgnjor's Revivificati  Necr           2%         N/A       100%        8
 Disjunction              Tloc           2%         N/A       100%        8
 Ignition                 Fire           2%         3d3       100%        8
 Maxwell's Capacitive Co  Air            2%         ∞         100%        8
 Necromutation            Tmut/Necr      2%         N/A       100%        8
 Death's Door             Necr           2%         N/A       100%        9
 Kiss of Death            Conj/Necr      Unusable   2d6       N/A         1
 Magic Dart               Conj           Unusable   1d3       N/A         1
 Shock                    Conj/Air       Unusable   1d4       N/A         1
 Summon Small Mammal      Summ           Unusable   N/A       N/A         1
 Call Imp                 Summ           Unusable   N/A       N/A         2
 Ensorcelled Hibernation  Hex/Ice        Unusable   N/A       N/A         2
 Momentum Strike          Conj/Tloc      Unusable   3d8       N/A         2
 Static Discharge         Conj/Air       Unusable   2-3/arc   N/A         2
 Confusing Touch          Hex            Unusable   N/A       N/A         3
 Inner Flame              Hex/Fire       Unusable   N/A       N/A         3
 Mephitic Cloud           Conj/Pois/Air  Unusable   N/A       N/A         3
 Anguish                  Hex/Necr       Unusable   N/A       N/A         4
 Animate Armour           Summ/Erth      Unusable   N/A       N/A         4
 Flame Wave               Conj/Fire      Unusable   2d5       N/A         4
 Fulminant Prism          Conj/Hex       Unusable   3d5       N/A         4
 Iskenderun's Mystic Bla  Conj/Tloc      Unusable   2d3       N/A         4
 Sticky Flame             Conj/Fire      Unusable   2d3       N/A         4
 Summon Ice Beast         Ice/Summ       Unusable   N/A       N/A         4
 Summon Lightning Spire   Summ/Air       Unusable   N/A       N/A         4
 Arcjolt                  Conj/Air       Unusable   1d12      N/A         5
 Metabolic Englaciation   Hex/Ice        Unusable   N/A       N/A         5
 Summon Forest            Summ/Tloc      Unusable   N/A       N/A         5
 Starburst                Conj/Fire      Unusable   6d3       N/A         6
 Orb of Destruction       Conj           Unusable   9d5       N/A         7
 Summon Hydra             Summ           Unusable   N/A       N/A         7
 Discord                  Hex            Unusable   N/A       N/A         8

Inventory:

Hand Weapons
 a - a +9 broad axe of freezing (weapon)
 b - a +4 broad axe of flaming
 Y - a +1 spectral broad axe
 Z - the +5 flail "Navi" {elec, rN+ Str+3 Dex+2}
   (You took it off Josephine on level 11 of the Dungeon)

   Str:       It affects your strength (+3).
   Dex:       It affects your dexterity (+2).
   rN:        It protects you from negative energy.
Missiles
 h - 33 javelins
 o - 11 throwing nets {=f}
 q - 51 boomerangs
 A - 55 poisoned darts
 P - 15 silver javelins (quivered)
 W - 11 curare-tipped darts {=f}
Armour
 p - a +2 helmet (worn)
 r - +3 gold dragon scales (worn)
 u - the +4 dragonskin cloak (worn)
   (You took it off Tiamat on level 4 of the Realm of Zot)

   Avatar's Aegis: It grants the wearer a chance to resist fire, cold, poison,
   electricity, acid, and negative energy.
 O - a +2 cloak of willpower
 Q - a +2 kite shield of protection (worn)
 R - a +4 barding (worn)
 V - a +2 pair of gloves of hurling (worn)
Jewellery
 c - a ring of protection from cold
 f - a ring of fire
 v - a ring of see invisible
 w - the ring "Picirael" {rCorr AC+4 Int+3 Dex-2}
   (You bought it in a shop on level 3 of the Vaults)

   [ring of protection]

   AC:        It affects your AC (+4).
   Int:       It affects your intelligence (+3).
   Dex:       It affects your dexterity (-2).
   rCorr:     It protects you from acid and corrosion.
 y - the ring of Ignis's Castigation (left hand) {rN+ Will++ Stlth+}
   (You found it in a Gauntlet)

   [ring of positive energy]

   rN:        It protects you from negative energy.
   Will:      It greatly increases your willpower.
   Stlth:     It makes you more stealthy.
 C - the ring "Cufopi" {Fly rC+ rN+ Will+}
   (You took it off a deep elf blademaster on level 3 of the Elven Halls)

   [ring of positive energy]

   rC:        It protects you from cold.
   rN:        It protects you from negative energy.
   Fly:       It grants you flight.
   Will:      It increases your willpower.
 E - the ring of Disaster (right hand) {rF+ SInv}
   (You bought it in a shop on level 4 of the Snake Pit)

   [ring of see invisible]

   rF:        It protects you from fire.
   SInv:      It lets you see invisible.
 F - a ring of protection from fire
 L - a ring of fire
 M - a ring of magical power
 N - the ring "Vugraur" {+Blink rPois rC+ rCorr Dex+2}
   (You found it on level 2 of the Realm of Zot)

   [ring of poison resistance]

   Dex:       It affects your dexterity (+2).
   rC:        It protects you from cold.
   rPois:     It protects you from poison.
   +Blink:    It lets you blink.
   rCorr:     It protects you from acid and corrosion.
 S - the amulet "Zautwoq" (around neck) {Spirit Regen+}
   (You bought it in a shop on level 2 of the Orcish Mines)

   [amulet of guardian spirit]

   It causes incoming damage to be divided between your reserves of health and
   magic.
   Regen:     It increases your rate of health regeneration.
Scrolls
 k - 11 scrolls of fear
 m - 7 scrolls of amnesia
 n - 7 scrolls of fog
 B - 2 scrolls of blinking
 I - 7 scrolls of poison
 J - 14 scrolls of teleportation {@r2}
Potions
 d - 3 potions of might
 e - 3 potions of resistance
 g - 33 potions of curing {@q1}
 i - 8 potions of brilliance
 j - 8 potions of attraction
 l - a potion of heal wounds {@q2}
 s - 8 potions of enlightenment
 t - 10 potions of lignification
 x - 2 potions of haste {@q3}
 z - 6 potions of magic
 G - 9 potions of mutation
 H - 7 potions of cancellation
 K - 2 potions of berserk rage {!q}
 U - 4 potions of ambrosia
 X - 2 potions of invisibility

Dungeon Overview and Level Annotations

Branches:
Dungeon (15/15)            Temple (1/1) D:4            Lair (5/5) D:10
  Swamp (4/4) Lair:2        Snake (4/4) Lair:2        Slime (0/5) Lair:4
    Orc (2/2) D:12            Elf (3/3) Orc:2        Vaults (5/5) D:14
  Crypt (3/3) Vaults:2       Tomb (0/3) Crypt:3      Depths (4/4) D:15
    Zot (5/5) Depths:4     WizLab (visited)         Gauntlet (visited)

Altars:
Ashenzari
Cheibriados
Dithmenos
Elyvilon
Gozag
Kikubaaqudgha
Makhleb
Nemelex Xobeh
Okawaru
Qazlal
Ru
Sif Muna
Trog
Uskayaw
Vehumet
Wu Jian
Xom
Zin
The Shining One

Shops:
D:7 ?   D:8 [   D:11 *   Orc:1 :   Orc:2 ::=[==(   Snake:2 ?(?:=:   Snake:4 =::
Vaults:2 :[=?   Vaults:3 =   Depths:1 *

Portals:
Hell: Lair:5 Depths:1 Depths:2 Depths:3 Depths:4
Abyss: Depths:3
Pandemonium: Depths:2 Depths:4
Ziggurat: Depths:3

Annotations:
D:14 2 transporters, Ylounoac's ghost, journeyman MiBe
Lair:2 exclusion: oklob plant
Lair:4 exclusion: 6 oklob plants
Elf:1 3 runed translucent doors
Elf:2 5 runed translucent doors
Vaults:1 2 transporters, Chodeload's ghost, adept DjWn
Crypt:1 3 runed translucent doors, Foapeaxo's ghost, veteran HOMo
Depths:2 2 runed translucent doors
Depths:4 exclusion: 4 draconian stormcallers
Zot:1 2 transporters, exclusion: obsidian statue ..# #PP.PP.PP.PP.PP.PP.# #.# ..# #PP.P.PP.P.PP.P.PP.# #.# ..# #PP.P.P.PPP.P.P.PP.# #.# ..# #PP.P.PP.P.PP.P.PP.# #.# ### #PP.PP.PP.PP.PP.PP.# #.# #PPP.PP.PPP.PP.PPP.### #.# #PPP.PPP...PPP.PPP...# #.# #PPPP..PPPPP..PPPP##.# #.# #PPPPPP..@..PPPPPP##.###.# #PPPPPPPPPPPPPPPPP##.....#

#######################...
#### # ###### ##...##


There were no monsters in sight!


Message History

(P) Snake Pit (M) Slime Pits (O) Orcish Mines (E) Elven Halls (V) Vaults (C) Crypt (W) Tomb (U) Depths (H) Hell (Z) Zot
Where to? (Enter - D:1, ? - help) Magic restored.
There is a stone staircase leading up here.
You climb upwards.
There is a stone staircase leading down here.
There is a stone staircase leading up here.
You climb upwards.
There is a stone staircase leading down here.
You feel a little less mighty now.
There is a stone staircase leading up here.
You climb upwards.
There is a stone staircase leading down here.
There is a stone staircase leading up here.
You climb upwards.
There is a stone staircase leading down here.
There is a stone staircase leading up here.
You climb upwards.
There is a stone staircase leading down here.
(D) Dungeon (T) Temple (L) Lair (S) Swamp (P) Snake Pit (M) Slime Pits (O) Orcish Mines (E) Elven Halls (V) Vaults (C) Crypt (W) Tomb (U) Depths (H) Hell (Z) Zot
Where to? (Enter - D:1, ? - help)
Okay, then.
There is an open door here.
There is a staircase leading out of the dungeon here.
You have escaped!

Skill      XL: |  1  2  3  4  5  6  7  8  9 10 11 12 13 14 15 16 17 18 19 20 21 22 23 24 25 26 |
---------------+-------------------------------------------------------------------------------+-----
Maces & Flails | 2 3 4 6 7 |  7.3
Shields        | 5 9 15 | 15.0
Fighting       | 3 7 8 10 11 12 14 15 16 18 20 21 23 24 25 | 25.6
Axes           | 7 9 11 13 15 17 | 17.5
Throwing       | 2 4 7 8 13 14 | 14.6
Spellcasting   | 6 8 9 10 | 10.0
Armour         | 12 17 18 21 23 26 | 26.0
Stealth        | 12 | 12.7
Dodging        | 11 | 11.2

Action                     |  1- 3 |  4- 6 |  7- 9 | 10-12 | 13-15 | 16-18 | 19-21 | 22-24 | 25-27 || total
---------------------------+-------+-------+-------+-------+-------+-------+-------+-------+-------++-------
  Melee: Flail             |   113 |   159 |   105 |       |    30 |    26 |       |       |       ||   433
         Tailslap          |    12 |    16 |    51 |    91 |    90 |   257 |   388 |   457 |   197 ||  1559
         War axe           |       |       |   381 |   704 |   125 |       |       |       |       ||  1210
         Whip              |       |       |       |    54 |       |       |       |       |       ||    54
         Broad axe         |       |       |       |       |   431 |  1418 |  1727 |  2151 |   907 ||  6634
  Throw: Javelin           |       |       |     3 |       |       |       |       |       |    87 ||    90
         Boomerang         |       |       |    10 |    14 |     3 |     4 |     2 |     1 |     4 ||    38
 Invoke: Sacrifice Love    |       |     1 |       |       |       |       |       |       |       ||     1
         Sacrifice Experie |       |       |     1 |       |       |       |       |       |       ||     1
         Draw Out Power    |       |       |     1 |     3 |     1 |     1 |     1 |     1 |       ||     8
         Power Leap        |       |       |     1 |     2 |     2 |       |       |     1 |     2 ||     8
         Sacrifice Arcana  |       |       |     1 |       |       |       |       |       |       ||     1
         Sacrifice Artific |       |       |       |     1 |       |       |       |       |       ||     1
         Apocalypse        |       |       |       |     2 |     5 |     6 |    11 |    11 |     7 ||    42
  Evoke: Wand              |       |       |     5 |    11 |       |       |       |       |       ||    16
         Piece from Xom's  |       |       |     1 |       |       |       |       |       |       ||     1
    Use: Scroll            |     1 |     8 |    13 |     6 |    15 |     6 |     5 |    15 |     2 ||    71
         Potion            |       |       |     2 |       |     4 |     1 |     1 |    15 |     9 ||    32
   Stab: Distracted        |       |       |     1 |     2 |     2 |     9 |     7 |    16 |     7 ||    44
         Invisible         |       |       |       |    14 |       |    19 |     7 |    21 |     6 ||    67
         Petrified         |       |       |       |     5 |       |       |       |       |       ||     5
         Paralysed         |       |       |       |     5 |    24 |    12 |    30 |    17 |    10 ||    98
         Confused          |       |       |       |       |       |     3 |       |       |       ||     3
         Sleeping          |       |       |       |       |       |       |     8 |       |       ||     8
 Armour: Scale mail        |    45 |     9 |       |       |   218 |   638 |   264 |       |       ||  1174
         Pearl dragon scal |       |    72 |   195 |   345 |    58 |       |       |       |       ||   670
         Skin              |       |       |    11 |       |       |       |       |       |       ||    11
         Plate armour      |       |       |       |       |       |       |   499 |       |       ||   499
         Gold dragon scale |       |       |       |       |       |       |    69 |  1256 |   551 ||  1876
  Dodge: Dodged            |    32 |    50 |   146 |   365 |   241 |   414 |   345 |   335 |   127 ||  2055
  Block: Buckler           |    22 |    29 |    66 |   153 |    94 |   252 |    77 |       |       ||   693
         Kite shield       |       |       |       |       |       |       |   468 |   980 |   364 ||  1812

Levels and vault maps discovered:
D:1:      roderic_crop_circles_arrival_small, layout_basic,
          hellmonk_ecumenical_altar_crossroads, solitary_fountain,
          hangedman_feature_mirror, st_stairs_3, minmay_pentomino_z4
D:2:      layout_loops_cross, serial_aquarium, aquarium_bridge_straight
          [aquarium_subvault_bridge, aquarium_subvault_window,
          aquarium_subvault_bridge, aquarium_subvault_window],
          aquarium_window_1, aquarium_window_1, aquarium_window_corridor_1,
          aquarium_window_2, aquarium_view_2b, aquarium_view_2e,
          aquarium_balcony_5a, aquarium_pool_side,
          corexii_item_surrounded_by_moat
D:3:      layout_basic, nicolae_overflow_hidden_temple, zin_statuary,
          nicolae_hepliaklqana_hazy_memory, ebering_ghost_gozag
D:4:      layout_basic, minmay_temple_entry_stoned_glass, grunt_ministairs_15
D:5:      layout_gridville, tgw_kikubaaqudgha, mainiacjoe_overflow_24_doors,
          gup_sewer_entry_bubbles, uniq_eustachio
D:6:      cheibrodos_quashed, layout_rooms
D:7:      layout_loops_ring, lemuel_crystal_altar, lemuel_doored_altar,
          serial_shops, shop, uniq_menkaure, uniq_maggie, uniq_duvessa
D:8:      layout_basic, mainiacjoe_overflow_cross_hatched,
          nicolae_gozag_seed_capital, grunt_temple_overflow_forces_of_nature,
          serial_shops, nicolae_shop_mannequins, gammafunk_ghost_spectres,
          uniq_pikel
D:9:      layout_loops_ring, nemelex_xobeh_ov_fountains_minmay
D:10:     wad_pebble_path, layout_cross, mainiacjoe_overflow_alcove_2
D:11:     evilmike_iron_armoury, layout_irregular_city, serial_shops,
          nicolae_shop_window_shopping, portal_ice_cave_entry_pillars_2,
          minivault_25, uniq_maurice, uniq_josephine
D:12:     minmay_outward_triangles, layout_stronghold, hiddenorc2_lemuel,
          uniq_urug, uniq_nessos
D:13:     lemuel_bear_cage, layout_long_grid, uniq_snorg
D:14:     layout_long_grid, skrybe_vaults_entry_preservation,
          gammafunk_ghost_mausoleum, chequers_serial_rivers_room_b,
          gauntlet_entry_generic, kennysheep_four_rooms
D:15:     gammafunk_enter_depths_forms, layout_cave_pods, uniq_rupert
Temple:   nicolae_temple_ecumenical_triangle
Lair:1:   beast_lair_carwin_large_2, layout_cave_pods, grunt_megastairs_5,
          uniq_amaemon, uniq_grum, uniq_harold
Lair:2:   nzn_winding_woodlands_cross [nzn_winding_woodlands_5x15_garden,
          nzn_winding_woodlands_5x15_concentric,
          nzn_winding_woodlands_5x15_longhouse, nzn_winding_woodlands_5x15_eye,
          nzn_winding_woodlands_15x15_eel_pit], layout_regular_city,
          minmay_swamp_entry_reptiles, minmay_snake_entry_guardpost_small,
          ebering_ghost_rock_garden, grunt_forest_small_clearing_treed
Lair:3:   layout_regular_city, grunt_forest_small_clearings,
          kennysheep_basilisk_garden, lemuel_fruit_fields
Lair:4:   layout_regular_city, minmay_slime_entry_oklob_open,
          beast_lair_carwin_1, infiniplex_staircase_pool_2
Lair:5:   evil_forest, layout_layer_cave, roderic_batcave,
          amcnicky_mini_pool_medium
Swamp:1:  layout_falls_marsh, evilmike_swamp_ruin_house_2, swamp_pool5,
          st_swamp_mini, uniq_jorgrun
Swamp:2:  layout_basic_swamp, hangedman_swamp_ruin_wall
Swamp:3:  layout_falls_marsh, nicolae_swamp_small_spring
Swamp:4:  nzn_swamp_witches_coven, layout_basic_swamp, swamp_pool5
Snake:1:  layout_grid_maze, special_room, grunt_megastairs_4
Snake:2:  layout_gridlike, serial_corexii_hall, corexii_hall_statues_deadend,
          corexii_hall_statues_u, serial_shops, nicolae_shop_trees,
          nicolae_wooded_promenade, uniq_aizul
Snake:3:  layout_misc_corridors, uniq_kirke
Snake:4:  grunt_snake_rune_pools, layout_cave_town, minmay_shop_grove,
          lemuel_fruit_tree
Orc:1:    layout_caves, nicolae_shop_vocational
Orc:2:    st_orc_rangers, layout_caves, serial_shops, shop,
          nicolae_shop_hallway_stairs, shop
Elf:1:    eino_elf_arrival_customs, layout_geoelf_diagonals, orc_legates,
          grunt_megastairs_1
Elf:2:    elven_hall_of_blades_hangedman_alternative
          [nicolae_blade_entry_sentries_behind_glass], layout_loops_corners,
          basic_altar
Elf:3:    grunt_elf_hall_asides, layout_geoelf_castle
Vaults:1: gammafunk_ghost_abyssal_escape, nicolae_vaults_wine_cellar,
          hangedman_vaults_stretched_pinwheel, v_misc_29, v_misc_25,
          ontoclasm_vaults_chip, hangedman_vaults_slice,
          layout_vaults_quadrants, uniq_asterion
Vaults:2: nicolae_vaults_trapezoid_3, minmay_crypt_entry_nasty_monster,
          hangedman_vaults_river_flow, nicolae_vaults_hallways_thing,
          nicolae_vaults_closet_pinwheel_6, nicolae_vaults_mitosis,
          nicolae_vaults_tangram_2, nicolae_vaults_double_plus_1,
          nicolae_vaults_closet_pinwheel_3, nicolae_vaults_frosty_reception,
          layout_vaults_maze, serial_shops, bzr_entry_customers, shop,
          shop_statue, shop, shop
Vaults:3: nicolae_vaults_stairing_the_circle, nicolae_vaults_surprise_closet,
          hangedman_vaults_slice, v_misc_13, nicolae_vaults_back_hallway,
          nicolae_vaults_yaktaur_gun_rack, vaults_room_pools, v_misc_26,
          serial_ice_g, layout_vaults_big_room, serial_shops, shop
Vaults:4: vaults_room_fancy_cross, nicolae_vaults_quadrants,
          hangedman_vaults_capsules, nicolae_vaults_asterisk, v_misc_1,
          nicolae_vaults_apartment_2, nicolae_vaults_little_squares_5,
          v_pattern_2, v_alt_pattern_6, nicolae_vaults_house_1,
          hangedman_vaults_trim, hangedman_vaults_trim, v_misc_19,
          nicolae_vaults_asterisk, layout_vaults_omnibox, uniq_donald
Vaults:5: serial_shops
Crypt:1:  layout_regular_city, gammafunk_ghost_split, uniq_boris
Crypt:2:  layout_catacombs, mu_enter_wizlab_7, minivault_24, hex_tiny,
          grunt_megastairs_3, uniq_frederick, uniq_margery, uniq_bai_suzhen
Crypt:3:  quadcrypt_mu, uniq_jory
Depths:1: layout_basic, grunt_metal_band, chequers_serial_rivers_micro_b,
          nicolae_elemental_shop, nicolae_uskayaw_en_pointe
Depths:2: minmay_the_grid_ultimate [minmay_the_grid_prize_four_corners,
          minmay_the_grid_prize_shrinking_boxes,
          minmay_the_grid_prize_four_corners_diamond_a,
          minmay_the_grid_prize_big_room,
          minmay_the_grid_square_5x5_intrusive_squares,
          minmay_the_grid_square_5x5_trominoes,
          minmay_the_grid_square_5x5_inner_z, minmay_the_grid_square_5x5_eight,
          minmay_the_grid_square_5x5_almost_minimal,
          minmay_the_grid_square_5x5_forky,
          minmay_the_grid_square_5x5_half_checkered,
          minmay_the_grid_square_5x5_moneybag,
          minmay_the_grid_square_5x5_minibox,
          minmay_the_grid_square_5x5_minivault,
          minmay_the_grid_square_5x5_fat_x, minmay_the_grid_square_5x5_percent,
          minmay_the_grid_square_5x5_detours, minmay_the_grid_square_5x5_corner,
          minmay_the_grid_square_5x5_z,
          minmay_the_grid_triangle_9x9_pentomino_pain,
          minmay_the_grid_triangle_9x9_fully_insulated_deathbox,
          minmay_the_grid_triangle_9x9_flanged_cone,
          minmay_the_grid_triangle_9x9_zippers_horizontal,
          minmay_the_grid_triangle_9x9_alien,
          minmay_the_grid_triangle_9x9_checkered,
          minmay_the_grid_triangle_9x9_thin_v,
          minmay_the_grid_triangle_9x9_negative_grid,
          minmay_the_grid_triangle_9x9_corruption,
          minmay_the_grid_triangle_9x9_subtriangle,
          minmay_the_grid_triangle_9x9_dagger,
          minmay_the_grid_triangle_9x9_swiss_cheese,
          minmay_the_grid_triangle_9x9_warning,
          minmay_the_grid_triangle_9x9_longest,
          minmay_the_grid_triangle_9x9_tough_junction,
          minmay_the_grid_triangle_9x9_empty,
          minmay_the_grid_square_5x5_checkered_sparse,
          minmay_the_grid_octo_teeth, minmay_the_grid_octo_fan_narrow,
          minmay_the_grid_octo_shrine, minmay_the_grid_octo_chip,
          minmay_the_grid_octo_focus, minmay_the_grid_octo_77,
          minmay_the_grid_octo_fat_diamond, minmay_the_grid_octo_pinwheel,
          minmay_the_grid_rooms, minmay_the_grid_odd_star, minmay_the_grid_fan,
          minmay_the_grid_airy], hell_entry, pan_entry
Depths:3: hangedman_pleasuredromes, hell_entry, abyss_entry, uniq_mennas,
          uniq_sojobo, uniq_enchantress, uniq_parghit
Depths:4: evilmike_zot_entry_argh, layout_basic, hell_entry,
          rand_demon_pan_entry_4, minmay_metal_thing
Zot:1:    gammafunk_sealed_arena, layout_onion_interference, st_stairs_14
Zot:2:    layout_basic
Zot:3:    dreamdust_black_sun_cult, layout_gridlike
Zot:4:    hangedman_snap_crack_crunch, layout_concentric_octagons, uniq_tiamat
Zot:5:    layout_gridlike

Notes
Turn   | Place    | Note
-------+----------+-------------------------------------------
     0 | D:1      | Drazool the Armataur Fighter began the quest for the Orb.
     0 | D:1      | Reached XP level 1. HP: 19/19 MP: 1/1
    34 | D:1      | Reached skill level 2 in Maces & Flails
    79 | D:1      | Reached XP level 2. HP: 26/26 MP: 2/2
   208 | D:1      | Found a faded altar of an unknown god.
   476 | D:1      | Reached skill level 3 in Maces & Flails
   798 | D:2      | Reached XP level 3. HP: 32/32 MP: 3/3
  1422 | D:2      | Reached skill level 4 in Maces & Flails
  1422 | D:2      | Reached XP level 4. HP: 32/39 MP: 4/4
  1709 | D:3      | Found a runed translucent gate.
  1709 | D:3      | Found a runed translucent gate.
  1709 | D:3      | Found a runed translucent gate.
  1710 | D:3      | Found an opulent altar of Gozag.
  1727 | D:3      | Found a hazy altar of Hepliaklqana.
  1741 | D:3      | Noticed IdlyInterested's ghost (amateur DsWn)
  1939 | D:3      | Identified +0 pearl dragon scales
  2412 | D:3      | Found a glowing golden altar of the Shining One.
  2467 | D:3      | Found a glowing silver altar of Zin.
  2517 | D:3      | Reached XP level 5. HP: 33/44 MP: 5/5
  2658 | D:4      | Found a staircase to the Ecumenical Temple.
  2738 | Temple   | Entered the Ecumenical Temple
  2755 | Temple   | Became a worshipper of Ru the Awakened
  2832 | D:4      | Reached skill level 5 in Maces & Flails
  3178 | D:4      | Reached skill level 6 in Maces & Flails
  3178 | D:4      | Reached XP level 6. HP: 32/53 MP: 6/6
  3818 | D:5      | Entered Level 5 of the Dungeon
  4027 | D:5      | Reached skill level 4 in Shields
  4151 | D:5      | Gained mutation: You are hated by all. [Ru sacrifice]
  4151 | D:5      | Reached * piety under Ru
  4151 | D:5      | Reached ** piety under Ru
  4359 | D:5      | Noticed Eustachio
  4373 | D:5      | Killed Eustachio
  4374 | D:5      | Reached skill level 5 in Shields
  4374 | D:5      | Reached XP level 7. HP: 52/59 MP: 7/7
  4447 | D:5      | Reached skill level 3 in Fighting
  4501 | D:5      | Found an ancient bone altar of Kikubaaqudgha.
  4502 | D:5      | Noticed a human
  4504 | D:5      | Killed a human
  4846 | D:5      | Found a radiant altar of Vehumet.
  5286 | D:6      | Reached skill level 7 in Maces & Flails
  5294 | D:6      | Identified the +0 war axe of the Reaper {elec, rC+ Int+2
                  | Dex-3}
  5313 | D:6      | Reached XP level 8. HP: 16/70 MP: 8/8
  5758 | D:7      | Noticed Menkaure
  5762 | D:7      | Killed Menkaure
  5763 | D:7      | Reached skill level 4 in Fighting
  5763 | D:7      | Reached skill level 1 in Axes
  5807 | D:7      | Found a burning altar of Makhleb.
  5835 | D:7      | Reached skill level 2 in Axes
  5876 | D:7      | Found Overeos's Magic Scroll Boutique.
  5880 | D:7      | Bought a scroll of blinking for 112 gold pieces
  5880 | D:7      | Bought a scroll of teleportation for 45 gold pieces
  5880 | D:7      | Bought a scroll of identify for 30 gold pieces
  5986 | D:7      | Found a snail-covered altar of Cheibriados.
  6051 | D:7      | Reached skill level 3 in Axes
  6166 | D:7      | Noticed Maggie
  6179 | D:7      | Reached skill level 5 in Fighting
  6186 | D:7      | Reached skill level 4 in Axes
  6201 | D:7      | Reached XP level 9. HP: 39/79 MP: 9/9
  6444 | D:7      | Noticed Duvessa
  6447 | D:7      | Noticed Dowan
  6450 | D:7      | Killed Duvessa
  6451 | D:7      | Reached skill level 5 in Axes
  6690 | D:7      | Killed Maggie
  6691 | D:7      | Reached skill level 6 in Fighting
  6791 | D:7      | Killed Dowan
  7039 | D:7      | Reached skill level 6 in Axes
  7098 | D:8      | Noticed an animated storm dragon scales
  7099 | D:8      | Found Musy Lin's Armour Shoppe.
  7101 | D:8      | Noticed an animated plate armour
  7117 | D:8      | Gained mutation: You are somewhat inexperienced. (-1 XL)
                  | [Ru sacrifice]
  7117 | D:8      | Reached XP level 8. HP: 74/74 MP: 8/8
  7117 | D:8      | Reached *** piety under Ru
  7197 | D:8      | Noticed Pikel
  7227 | D:8      | Killed Pikel
  7444 | D:8      | Found an opulent altar of Gozag.
  7452 | D:8      | Reached skill level 7 in Axes
  7484 | D:8      | Found a stormy altar of Qazlal.
  7526 | D:8      | Found a runed translucent gate.
  7527 | D:8      | Found a runed translucent gate.
  7528 | D:8      | Found a runed translucent gate.
  7534 | D:8      | Noticed Dittersdorf's ghost (journeyman GrFi)
  7547 | D:8      | Found a shimmering blue altar of Sif Muna.
  7654 | D:8      | Reached skill level 7 in Fighting
  7704 | D:8      | Identified 2 potions of resistance
  8194 | D:9      | Reached XP level 9. HP: 81/84 MP: 9/9
  8680 | D:9      | Found a sparkling altar of Nemelex Xobeh.
  8829 | D:9      | Reached skill level 8 in Axes
  9287 | D:10     | Entered Level 10 of the Dungeon
  9287 | D:10     | Noticed a two-headed ogre
  9320 | D:9      | Paralysed by a hornet for 3 turns
  9325 | D:9      | Paralysed by a hornet for 1 turns
  9640 | D:10     | Killed a two-headed ogre
  9641 | D:10     | Reached skill level 8 in Fighting
  9736 | D:10     | Found a staircase to the Lair.
  9857 | D:10     | Found a bloodstained altar of Trog.
  9860 | D:10     | Gained mutation: You cannot study or cast Ice magic. [Ru
                  | sacrifice]
  9860 | D:10     | Gained mutation: You cannot study or cast Hexes magic. [Ru
                  | sacrifice]
  9860 | D:10     | Gained mutation: You cannot study or cast Conjurations
                  | magic. [Ru sacrifice]
  9860 | D:10     | Reached **** piety under Ru
  9922 | D:11     | Noticed a two-headed ogre
  9922 | D:11     | Noticed a two-headed ogre
  9927 | D:11     | Noticed a cyclops
  9948 | D:10     | Killed a two-headed ogre
  9949 | D:10     | Reached skill level 9 in Axes
 10226 | D:10     | Killed a two-headed ogre
 10406 | Lair:1   | Entered Level 1 of the Lair of Beasts
 10406 | Lair:1   | Noticed a cane toad
 10415 | Lair:1   | Killed a cane toad
 10573 | Lair:1   | Reached XP level 10. HP: 96/96 MP: 10/10
 10755 | Lair:1   | Noticed Harold
 10771 | Lair:1   | Killed Harold
 10772 | Lair:1   | Reached skill level 10 in Axes
 11123 | Lair:1   | Reached skill level 9 in Fighting
 11151 | Lair:1   | Noticed Grum
 11186 | Lair:1   | Killed Grum
 11486 | Lair:1   | Noticed Amaemon
 11517 | Lair:1   | Killed Amaemon
 12050 | Lair:1   | Reached skill level 11 in Axes
 12273 | Lair:2   | Noticed a five-headed hydra
 12273 | Lair:2   | Found a staircase to the Swamp.
 12655 | Lair:2   | Reached skill level 10 in Fighting
 12861 | Lair:2   | Killed a five-headed hydra
 13136 | Lair:2   | Noticed a boulder beetle
 13163 | Lair:2   | Killed a boulder beetle
 13164 | Lair:2   | Reached XP level 11. HP: 63/107 MP: 6/11
 13347 | Lair:2   | Reached skill level 12 in Axes
 14003 | Lair:2   | Found a runed translucent gate.
 14004 | Lair:2   | Found a runed translucent gate.
 14154 | Lair:2   | Found a runed translucent gate.
 14154 | Lair:2   | Noticed liarliar's ghost (journeyman TrWr)
 14460 | Lair:2   | Found a staircase to the Snake Pit.
 14541 | Lair:2   | Identified the +6 long sword of Mandamus {heavy, rC+ Will+
                  | rCorr Int-2}
 14604 | Lair:2   | Gained mutation: You cannot study or use magical devices.
                  | [Ru sacrifice]
 14604 | Lair:2   | Reached ***** piety under Ru
 14604 | Lair:2   | Reached ****** piety under Ru
 15053 | Lair:3   | Reached skill level 11 in Fighting
 15240 | Lair:3   | Reached skill level 13 in Axes
 16223 | Lair:4   | Reached XP level 12. HP: 100/117 MP: 12/12
 16607 | Lair:4   | Reached skill level 14 in Axes
 16840 | Lair:4   | Reached skill level 12 in Fighting
 17203 | Lair:4   | Found a staircase to the Slime Pits.
 17275 | Lair:5   | Entered Level 5 of the Lair of Beasts
 17325 | Lair:5   | Noticed a dire elephant
 17528 | Lair:5   | Reached skill level 15 in Axes
 17945 | Lair:4   | Reached XP level 13. HP: 93/127 MP: 13/13
 18086 | Lair:5   | Reached skill level 13 in Fighting
 18794 | Lair:5   | Found a burning altar of Makhleb.
 18801 | Lair:5   | Reached skill level 16 in Axes
 18802 | Lair:5   | Found a gateway to Hell.
 19164 | D:11     | Found Ilowoes's General Store.
 19167 | D:11     | Bought a potion of resistance for 170 gold pieces
 19167 | D:11     | Bought a scroll of teleportation for 51 gold pieces
 19207 | D:11     | Noticed Maurice
 19219 | D:11     | Killed Maurice
 19392 | D:11     | Found an iron altar of Okawaru.
 19471 | D:11     | Identified the +5 flail "Navi" {elec, rN+ Str+3 Dex+2}
 19471 | D:11     | Noticed Josephine
 19482 | D:11     | Killed Josephine
 19545 | D:11     | Identified the +2 flail of Kipaosy {heavy, Int+5}
 19582 | D:11     | Found the +8 Vampire's Tooth {megavamp}
 19668 | D:11     | Identified a +0 robe of resistance
 20207 | D:12     | Found a staircase to the Orcish Mines.
 20358 | D:12     | Noticed Urug
 20375 | D:12     | Killed Urug
 20376 | D:12     | Reached skill level 1 in Throwing
 20718 | D:12     | Noticed Nessos
 20735 | D:12     | Killed Nessos
 20838 | D:12     | Noticed a sphinx
 21018 | D:12     | Reached skill level 14 in Fighting
 21018 | D:12     | Reached skill level 2 in Throwing
 21133 | D:12     | Killed a sphinx
 21387 | D:12     | Reached skill level 17 in Axes
 21626 | Orc:1    | Entered Level 1 of the Orcish Mines
 21665 | Orc:1    | Found Qohul's Vocational Training.
 21761 | Orc:1    | Reached XP level 14. HP: 122/124 MP: 14/14
 21958 | Orc:2    | Entered Level 2 of the Orcish Mines
 21958 | Orc:2    | Found Riquxesu's Book Shoppe.
 22018 | Orc:2    | Found Kyricey's Book Boutique.
 22048 | Orc:2    | Reached skill level 3 in Throwing
 22049 | Orc:2    | Found Kolisidd's Antique Armour Emporium.
 22049 | Orc:2    | Found Sauqoseh's Jewellery Shop.
 22051 | Orc:2    | Found Voekhliz's Jewellery Boutique.
 22346 | Orc:2    | Found Opli's Antique Weapon Emporium.
 22538 | Orc:2    | Found Mukear's Jewellery Shoppe.
 22560 | Orc:2    | Bought the amulet "Zautwoq" {Spirit Regen+} for 370 gold
                  | pieces
 22625 | Orc:2    | Found a staircase to the Elven Halls.
 23140 | D:13     | Noticed Snorg
 23154 | D:13     | Killed Snorg
 23350 | D:13     | Found a huge runed translucent gate.
 23350 | D:13     | Found a huge runed translucent gate.
 23350 | D:13     | Found a huge runed translucent gate.
 23350 | D:13     | Found a huge runed translucent gate.
 23366 | D:13     | Reached skill level 1 in Spellcasting
 23702 | D:14     | Reached skill level 4 in Throwing
 23721 | D:14     | Found a gate leading to a gauntlet.
 23730 | Gauntlet | Entered a Gauntlet
 23730 | Gauntlet | Found a transporter.
 23740 | Gauntlet | Found a transporter.
 23755 | Gauntlet | Found a transporter.
 23760 | Gauntlet | Found a transporter.
 23775 | Gauntlet | Found a transporter.
 23794 | Gauntlet | Found a transporter.
 23806 | Gauntlet | Found a transporter.
 23812 | Gauntlet | Found a transporter.
 23827 | Gauntlet | Found a transporter.
 23833 | Gauntlet | Found a transporter.
 23848 | Gauntlet | Found a transporter.
 23854 | Gauntlet | Found a transporter.
 23865 | Gauntlet | Found a large runed translucent door.
 23866 | Gauntlet | Found a large runed translucent door.
 23867 | Gauntlet | Found a large runed translucent door.
 23867 | Gauntlet | Found a large runed translucent door.
 23868 | Gauntlet | Found a runed translucent gate.
 23869 | Gauntlet | Found a transporter.
 23869 | Gauntlet | Found a runed translucent gate.
 23870 | Gauntlet | Found a runed translucent gate.
 23871 | Gauntlet | Found a large runed translucent door.
 23871 | Gauntlet | Found a large runed translucent door.
 23871 | Gauntlet | Found a runed translucent door.
 23871 | Gauntlet | Found a runed translucent door.
 23872 | Gauntlet | Found a large runed translucent door.
 23873 | Gauntlet | Found a large runed translucent door.
 23875 | Gauntlet | Found a transporter.
 23880 | Gauntlet | Found a large runed translucent door.
 23880 | Gauntlet | Found a large runed translucent door.
 23881 | Gauntlet | Found a large runed translucent door.
 23882 | Gauntlet | Found a large runed translucent door.
 23891 | Gauntlet | Found a large runed translucent door.
 23891 | Gauntlet | Found a large runed translucent door.
 23892 | Gauntlet | Found a large runed translucent door.
 23893 | Gauntlet | Found a large runed translucent door.
 23914 | Gauntlet | Found a transporter.
 23940 | Gauntlet | Found a transporter.
 23942 | Gauntlet | Found a transporter.
 23962 | Gauntlet | Found a transporter.
 24025 | Gauntlet | Identified the staff of death "Xaew" {rN+ Dex+3 SInv}
 24110 | Gauntlet | Identified the ring of Ignis's Castigation {rN+ Will++
                  | Stlth+}
 24144 | Gauntlet | Identified a potion of experience
 24145 | Gauntlet | Reached skill level 6 in Spellcasting
 24145 | Gauntlet | Reached XP level 15. HP: 148/148 MP: 16/25
 24145 | Gauntlet | Reached XP level 16. HP: 157/157 MP: 16/26
 24361 | D:14     | Found a transporter.
 24394 | D:14     | Found a transporter.
 24397 | D:14     | Noticed Ylounoac's ghost (journeyman MiBe)
 24641 | D:14     | Found a gate to the Vaults.
 24699 | D:14     | Reached skill level 7 in Spellcasting
 24737 | D:14     | Reached skill level 5 in Throwing
 25120 | D:15     | Entered Level 15 of the Dungeon
 25175 | D:15     | Noticed Rupert
 25180 | D:15     | Killed Rupert
 25766 | D:15     | Reached skill level 15 in Fighting
 25766 | D:15     | Found a staircase to the Depths.
 25770 | D:15     | Reached skill level 6 in Throwing
 26329 | Snake:1  | Entered Level 1 of the Snake Pit
 26749 | D:3      | Killed IdlyInterested's ghost
 26903 | D:8      | Killed Dittersdorf's ghost
 27029 | Lair:2   | Reached skill level 8 in Spellcasting
 27090 | Lair:2   | Killed liarliar's ghost
 27283 | Snake:1  | You fall into a shaft and drop 1 floor!
 27663 | Snake:1  | Reached skill level 7 in Throwing
 27663 | Snake:1  | Reached XP level 17. HP: 161/166 MP: 29/29
 28065 | Snake:2  | Noticed Aizul
 28090 | Snake:2  | Killed Aizul
 28349 | Snake:2  | Found Esucriag's Jewellery Boutique.
 28351 | Snake:2  | Found Idoizi's Magic Scroll Shoppe.
 28351 | Snake:2  | Found Lusche's Weapon Emporium.
 28351 | Snake:2  | Found Xontieci's Magic Scroll Shoppe.
 28351 | Snake:2  | Found Iceoqor's Book Boutique.
 28355 | Snake:2  | Bought a scroll of acquirement for 988 gold pieces
 28484 | Snake:2  | Acquired 237 gold pieces
 28495 | Snake:2  | Found Paskiwno's Book Boutique.
 28922 | Snake:3  | Reached skill level 4 in Armour
 29194 | Snake:3  | Reached skill level 5 in Armour
 29288 | Snake:3  | Noticed Kirke
 29301 | Snake:3  | Killed Kirke
 29302 | Snake:3  | Reached skill level 6 in Armour
 29490 | Snake:3  | Reached skill level 7 in Armour
 29594 | Snake:3  | Reached skill level 16 in Fighting
 29903 | Snake:3  | Reached skill level 8 in Armour
 30033 | Swamp:1  | Entered Level 1 of the Swamp
 30249 | Snake:2  | Bought a +5 broad axe of venom for 413 gold pieces
 30411 | Swamp:1  | Noticed Jorgrun
 30419 | Swamp:1  | Killed Jorgrun
 30420 | Swamp:1  | Reached skill level 9 in Armour
 30931 | Swamp:2  | Reached skill level 10 in Armour
 31478 | Swamp:2  | Reached skill level 11 in Armour
 31931 | Swamp:3  | Identified the staff of earth "Pumut" {rC+ Will+ Int-3}
 32053 | Swamp:4  | Entered Level 4 of the Swamp
 32142 | Swamp:4  | Reached skill level 12 in Armour
 32187 | Swamp:4  | Noticed a tentacled monstrosity
 32199 | Swamp:4  | Killed a tentacled monstrosity
 32480 | Swamp:4  | Reached XP level 18. HP: 134/158 MP: 15/30
 32707 | Swamp:4  | Reached skill level 13 in Armour
 32952 | Swamp:4  | Reached skill level 17 in Fighting
 33124 | Swamp:4  | Identified the +1 leather armour "Uphijisu" {rC+ Int+3}
 33141 | Swamp:4  | Paralysed by a fenstrider witch for 3 turns
 33152 | Swamp:4  | Reached skill level 14 in Armour
 33603 | Swamp:4  | Got a decaying rune of Zot
 33871 | Snake:4  | Entered Level 4 of the Snake Pit
 34180 | Snake:4  | Reached skill level 15 in Armour
 34658 | Snake:4  | Reached skill level 16 in Armour
 34987 | Snake:4  | Got a serpentine rune of Zot
 35205 | Snake:4  | Found Ebrailae's Jewellery Boutique.
 35206 | Snake:4  | Found Xurgh's Book Shoppe.
 35206 | Snake:4  | Found Amuiluall's Book Shoppe.
 35451 | Elf:1    | Entered Level 1 of the Elven Halls
 35665 | Elf:1    | Paralysed by an air elemental for 1 turns
 35671 | Elf:1    | Paralysed by an air elemental for 1 turns
 35999 | Elf:1    | Reached skill level 17 in Armour
 36158 | Elf:1    | Identified the +6 dagger "Ticotof" {elec, Str+4}
 36192 | Elf:1    | Noticed a Brimstone Fiend
 36196 | Elf:1    | Reached skill level 18 in Fighting
 36247 | Elf:1    | Found the +27 heavy crossbow "Sniper" {heavy, Acc+∞ SInv}
 36248 | Elf:1    | Found a runed translucent gate.
 36248 | Elf:1    | Found a runed translucent gate.
 36248 | Elf:1    | Found a runed translucent gate.
 36248 | Elf:1    | Found a runed translucent gate.
 36248 | Elf:1    | Found a runed translucent gate.
 36249 | Elf:1    | Found a runed translucent gate.
 36394 | Elf:1    | Paralysed by an air elemental for 1 turns
 36637 | Elf:2    | Identified the +1 rapier "Konilati" {heavy, rPois Will-
                  | Int+2}
 36641 | Elf:2    | Reached XP level 19. HP: 175/185 MP: 29/31
 36928 | Elf:2    | Found a huge runed translucent gate.
 36928 | Elf:2    | Found a huge runed translucent gate.
 36928 | Elf:2    | Found a huge runed translucent gate.
 36929 | Elf:2    | Found a huge runed translucent gate.
 36930 | Elf:2    | Found a huge runed translucent gate.
 37085 | Elf:2    | Found a radiant altar of Vehumet.
 37713 | Vaults:1 | Entered Level 1 of the Vaults
 37727 | D:14     | Reached skill level 18 in Armour
 37859 | Vaults:1 | Reached skill level 1 in Stealth
 37864 | Vaults:1 | Noticed Asterion
 37874 | Vaults:1 | Killed Asterion
 37875 | Vaults:1 | Reached skill level 2 in Stealth
 37935 | Vaults:1 | Noticed Chodeload's ghost (adept DjWn)
 37979 | Vaults:1 | Reached skill level 3 in Stealth
 38060 | Vaults:1 | Reached skill level 4 in Stealth
 38087 | Vaults:1 | Reached skill level 5 in Stealth
 38290 | Vaults:1 | Reached skill level 6 in Stealth
 38430 | Vaults:1 | You fall into a shaft and drop 1 floor!
 38430 | Vaults:2 | Found Pubaom's Magic Scroll Boutique.
 38463 | Vaults:2 | Reached skill level 7 in Stealth
 38505 | Vaults:2 | Found Dufes's Book Shop.
 38510 | Vaults:2 | Found Wudoczaj's Antique Armour Shoppe.
 38576 | Vaults:2 | Reached skill level 8 in Stealth
 38595 | Vaults:2 | Found a flickering gateway to a bazaar.
 38609 | Bazaar   | Entered a bazaar
 38626 | Bazaar   | Found Guude's Jewellery Boutique.
 38648 | Bazaar   | Found Duhaphoj's Antique Armour Emporium.
 38669 | Bazaar   | Found Nejaliff's Book Boutique.
 38689 | Bazaar   | Found Iruwyxko's Jewellery Shoppe.
 38785 | Vaults:2 | Bought a scroll of blinking for 157 gold pieces
 38843 | Vaults:2 | Reached skill level 9 in Stealth
 39117 | Vaults:2 | Reached skill level 10 in Stealth
 39245 | Vaults:2 | Reached skill level 11 in Stealth
 39503 | Vaults:2 | Found a staircase to the Crypt.
 39558 | Vaults:2 | Found Ygobb's Jewellery Emporium.
 39565 | Vaults:2 | Reached skill level 12 in Stealth
 39900 | Vaults:3 | Found Mynolaom's Jewellery Emporium.
 39908 | Vaults:3 | Bought the ring "Picirael" {rCorr AC+4 Int+3 Dex-2} for 709
                  | gold pieces
 40835 | Vaults:1 | Reached skill level 6 in Shields
 41033 | Vaults:1 | Found a transporter.
 41062 | Vaults:1 | Found a transporter.
 41189 | Vaults:1 | Reached skill level 7 in Shields
 41556 | Vaults:3 | Reached skill level 8 in Shields
 41728 | Vaults:1 | Reached skill level 9 in Shields
 41958 | D:8      | Bought the +10 plate armour "Duupezat" {rPois Str+2} for
                  | 1149 gold pieces
 42284 | Vaults:3 | Reached XP level 20. HP: 201/201 MP: 32/32
 42798 | Vaults:4 | Reached skill level 10 in Shields
 43049 | Vaults:4 | Noticed Donald
 43058 | Vaults:4 | Killed Donald
 43059 | Vaults:4 | Reached skill level 11 in Shields
 43139 | Vaults:4 | Reached skill level 12 in Shields
 43424 | Vaults:4 | Reached skill level 13 in Shields
 43951 | Vaults:4 | Reached skill level 14 in Shields
 43992 | Vaults:4 | Paralysed by a sphinx for 2 turns
 44150 | Vaults:4 | Reached skill level 15 in Shields
 44431 | Depths:1 | Entered Level 1 of the Depths
 44670 | Depths:1 | Reached skill level 9 in Spellcasting
 44744 | Depths:1 | Found a hide-covered altar of Uskayaw.
 44844 | Depths:1 | Identified the +0 buckler of Atootav {SInv}
 44922 | Depths:1 | Found Jun Jor's Elemental Accessories.
 45480 | Depths:2 | Reached skill level 8 in Throwing
 45739 | Depths:2 | Reached XP level 21. HP: 195/208 MP: 31/34
 45913 | Depths:2 | Noticed a caustic shrike
 45972 | Depths:2 | Paralysed by a vampire knight for 4 turns
 46146 | Depths:2 | Paralysed by a floating eye for 2 turns
 46155 | Depths:2 | Reached skill level 19 in Armour
 46367 | Depths:2 | Found a runed translucent door.
 46402 | Depths:2 | Reached skill level 10 in Spellcasting
 46568 | Depths:2 | Reached skill level 19 in Fighting
 46841 | Depths:2 | Noticed a caustic shrike
 46851 | Depths:2 | Killed a caustic shrike
 46918 | Depths:2 | Found a radiant altar of Vehumet.
 46918 | Depths:2 | Found a burning altar of Makhleb.
 46973 | Depths:2 | Found a runed translucent door.
 47086 | Depths:2 | Identified the ring of Nitoh {rF+ rN+ AC+4 Int+3 Dex-2}
 47091 | Depths:2 | Identified the +3 orcbow "Killer Bee's Doom" {freeze, rF+
                  | rCorr Str+3 Dex+3}
 47099 | Depths:2 | Noticed a golden dragon
 47180 | Depths:2 | Noticed a caustic shrike
 47192 | Depths:2 | Reached skill level 20 in Armour
 47207 | Depths:2 | Killed a caustic shrike
 47272 | Depths:2 | Found a one-way gate leading to the halls of Pandemonium.
 47593 | Depths:2 | Found a runed translucent door.
 47598 | Depths:2 | Found a runed translucent door.
 47694 | Depths:2 | Killed a golden dragon
 47737 | Depths:2 | Noticed a juggernaut
 47744 | Depths:2 | Noticed a golden dragon
 47747 | Depths:2 | Killed a juggernaut
 47748 | Depths:2 | Killed a golden dragon
 48144 | Depths:2 | Identified the +0 plate armour of the Heavens {Int+3}
 48325 | Depths:2 | Found a runed translucent door.
 48325 | Depths:2 | Found a runed translucent door.
 48351 | Depths:2 | Noticed a juggernaut
 48365 | Depths:2 | Killed a juggernaut
 48478 | Depths:2 | Identified the +6 glaive "Rusem" {drain, rElec rC- rCorr
                  | SInv}
 48700 | Depths:2 | Reached skill level 21 in Armour
 48818 | Depths:2 | Killed a caustic shrike
 48819 | Depths:2 | Reached skill level 20 in Fighting
 48919 | Depths:3 | Noticed Parghit
 48922 | Depths:3 | Noticed the Enchantress
 48996 | Depths:3 | Killed Parghit
 49004 | Depths:2 | Killed the Enchantress
 49053 | Depths:2 | Reached XP level 22. HP: 198/205 MP: 33/36
 49055 | Depths:2 | Reached skill level 1 in Dodging
 49093 | Depths:3 | Noticed Sojobo
 49110 | Depths:2 | Reached skill level 2 in Dodging
 49119 | Depths:2 | Paralysed by an air elemental for 1 turns
 49125 | Depths:2 | Killed Sojobo
 49171 | Depths:2 | Reached skill level 3 in Dodging
 49379 | Depths:3 | Reached skill level 4 in Dodging
 49381 | Depths:3 | Noticed a caustic shrike
 49393 | Depths:3 | Killed a caustic shrike
 49402 | Depths:3 | Reached skill level 5 in Dodging
 49430 | Depths:3 | Noticed Mennas
 49435 | Depths:3 | Identified the +6 dagger of Linearity {flame, *Rage rElec
                  | Int+8 Dex-4}
 49494 | Depths:2 | Killed Mennas
 49524 | Depths:3 | Found a one-way gateway to a ziggurat.
 49568 | Depths:3 | Reached skill level 6 in Dodging
 49736 | Depths:3 | Found a one-way gate to the infinite horrors of the Abyss.
 49835 | Depths:3 | Identified the amulet of Kuwk {Spirit rF+ Str+3 Dex+2}
 49836 | Depths:3 | Identified the staff of cold "Soffaf" {rC+ Int+2}
 49842 | Depths:3 | Reached skill level 7 in Dodging
 49842 | Depths:3 | Identified the ring of Uhebyun {Wiz rN+ Int+2 Slay-3}
 50016 | Depths:3 | Identified the staff of earth "Jeopn" {Str+3 Int+3 Dex+4}
 50180 | Depths:3 | Reached skill level 8 in Dodging
 50353 | Depths:3 | Identified the scarf of Bufarch {+Inv, rN+ Will+}
 50741 | Depths:4 | Entered Level 4 of the Depths
 50874 | Depths:4 | Reached skill level 9 in Dodging
 51087 | Depths:4 | Found a gate to the Realm of Zot.
 51472 | Depths:4 | Reached skill level 10 in Dodging
 52306 | Vaults:2 | Bought a ring of flight for 262 gold pieces
 52628 | Depths:4 | Identified the +6 chain mail of Dabimite {rElec}
 52665 | Depths:4 | Identified the +1 pair of gloves of the Echidna {Fly rElec
                  | rC- rCorr}
 53028 | Vaults:5 | Entered Level 5 of the Vaults
 53035 | Vaults:5 | Reached skill level 11 in Dodging
 53035 | Vaults:5 | Reached XP level 23. HP: 181/226 MP: 28/37
 53219 | Vaults:5 | Identified the +3 scimitar of Gyseif {heavy, rPois rN+}
 53284 | Vaults:5 | Identified the +5 chain mail "Ystu" {rPois rF- rCorr Int+4}
 53391 | Vaults:5 | Identified the +0 broad axe of Hyowka {freeze, rElec rC+
                  | Str+2}
 53393 | Vaults:5 | Paralysed by a sphinx for 4 turns
 53593 | Vaults:5 | Reached skill level 22 in Armour
 53596 | Vaults:5 | Identified the ring "Zuotruno" {Int+6 Stlth+}
 53599 | Vaults:5 | Identified the +3 chain mail of Leapfrog {rPois rN+ Str+3}
 53618 | Vaults:5 | Noticed a dread lich
 53631 | Vaults:5 | Killed a dread lich
 53663 | Vaults:5 | Noticed a dread lich
 53676 | Vaults:5 | Killed a dread lich
 53848 | Vaults:5 | Identified the +6 scale mail of Lelalaru {MP-9 Dex+4}
 53849 | Vaults:5 | Identified the +1 ring mail of the Jackalope {rF+}
 53858 | Vaults:5 | Identified the staff of earth "Mualel" {Contam Str+4 Dex+5}
 53954 | Vaults:5 | Reached skill level 21 in Fighting
 54043 | Vaults:5 | Identified the +11 short sword "Newt's Death Toll"
                  | {antimagic, rCorr}
 54218 | Vaults:5 | Got the Octavo of Helpful Transposition
 54221 | Vaults:5 | Got the Directory of Lethal Oxidation
 54369 | Vaults:5 | Identified the +4 short sword "Dapugin" {freeze, rF- Str+4}
 54375 | Vaults:5 | Identified the staff of earth "Xoegum" {Drain rF+ Will+
                  | Str+2}
 54401 | Vaults:5 | Identified the +0 ring mail of the Distant Future {rCorr
                  | Int+3}
 54495 | Vaults:5 | Got a silver rune of Zot
 55094 | Snake:4  | Bought the ring of Disaster {rF+ SInv} for 406 gold pieces
 55471 | Crypt:1  | Entered Level 1 of the Crypt
 55641 | Crypt:1  | Noticed a curse skull
 55681 | Crypt:1  | Noticed Boris
 55684 | Crypt:1  | Killed a curse skull
 55707 | Crypt:1  | Killed Boris
 55716 | Crypt:1  | Reached skill level 23 in Armour
 56022 | Crypt:1  | Found a runed translucent gate.
 56022 | Crypt:1  | Found a runed translucent gate.
 56022 | Crypt:1  | Found a runed translucent gate.
 56024 | Crypt:1  | Noticed a curse skull
 56024 | Crypt:1  | Noticed Foapeaxo's ghost (veteran HOMo)
 56135 | Crypt:1  | You fall into a shaft and drop 1 floor!
 56249 | Crypt:2  | Found a magical portal.
 56253 | WizLab   | Entered Iskenderun's Mystic Tower
 56454 | Crypt:2  | Noticed Frederick
 56460 | Crypt:2  | Killed Frederick
 56625 | Crypt:2  | Noticed a curse skull
 56638 | Crypt:2  | Killed a curse skull
 56988 | Crypt:2  | Noticed Bai Suzhen
 57014 | Crypt:1  | Killed Bai Suzhen
 57015 | Crypt:1  | Reached XP level 24. HP: 202/216 MP: 36/37
 57583 | Crypt:2  | Reached skill level 24 in Armour
 57805 | Crypt:3  | Entered Level 3 of the Crypt
 57859 | Crypt:3  | Reached skill level 22 in Fighting
 58628 | Crypt:3  | Found an ancient bone altar of Kikubaaqudgha.
 58646 | Crypt:3  | Noticed Jory
 58651 | Crypt:3  | Noticed a dread lich
 58674 | Crypt:3  | Paralysed by a dread lich for 2 turns
 58676 | Crypt:3  | Killed a dread lich
 58679 | Crypt:3  | Killed Jory
 58957 | Crypt:3  | Found a staircase to the Tomb.
 58957 | Crypt:3  | Noticed a dread lich
 58970 | Crypt:3  | Killed a dread lich
 59455 | Crypt:3  | Noticed a curse skull
 59469 | Crypt:3  | Killed a curse skull
 59552 | Crypt:3  | Identified the staff of air "Vaps" {rElec rF- rC- rCorr
                  | Int+3}
 60011 | Elf:3    | Entered Level 3 of the Elven Halls
 60367 | Elf:3    | Reached skill level 25 in Armour
 61027 | Elf:3    | Identified the ring "Cufopi" {Fly rC+ rN+ Will+}
 61178 | Elf:3    | Gained mutation: Your mind is acute. (Int +4, Str/Dex -1)
                  | [a neqoxec]
 61282 | Elf:3    | Identified the +8 sling of the Transmuting Coward {heavy,
                  | Will+}
 61314 | Elf:3    | Identified the staff of fire "Lihyaxus" {Contam rPois rF+
                  | Dex+6 Stlth-}
 61324 | Elf:3    | Identified the staff of conjuration "Vuwkaloe" {*Slow rPois
                  | Str+7 SInv}
 61767 | Zot:1    | Entered Level 1 of the Realm of Zot
 61834 | Depths:4 | Reached skill level 23 in Fighting
 62042 | Zot:1    | Noticed an electric golem
 62282 | Depths:4 | Killed an electric golem
 62533 | Zot:1    | Noticed a curse toe
 62565 | Zot:1    | Found a transporter.
 62612 | Zot:1    | Identified the +1 chain mail of Polish {Will+ rCorr Dex-4}
 62645 | Zot:1    | Found a transporter.
 62754 | Zot:2    | Reached skill level 26 in Armour
 62760 | Zot:2    | Identified the ring "Vugraur" {+Blink rPois rC+ rCorr
                  | Dex+2}
 63138 | Zot:2    | HP: 20/249 [yellow draconian annihilator/bolt of
                  | lightning[a green draconian monk] (29)]
 63398 | Zot:2    | Reached XP level 25. HP: 236/253 MP: 34/37
 63411 | Zot:2    | Reached skill level 9 in Throwing
 64053 | Zot:3    | Noticed an electric golem
 64062 | Zot:3    | Killed an electric golem
 64063 | Zot:3    | Reached skill level 10 in Throwing
 64120 | Zot:3    | Noticed an orb of fire
 64341 | Zot:3    | Noticed an electric golem
 64416 | Zot:2    | Reached skill level 11 in Throwing
 64621 | Zot:2    | Gained mutation: You are vulnerable to cold. (rC-) [an orb
                  | of fire]
 64638 | Zot:2    | Gained mutation: You are weak. (Str -2) [an orb of fire]
 64639 | Zot:2    | Gained mutation: You occasionally shout uncontrollably at
                  | your foes. [an orb of fire]
 64651 | Zot:2    | Gained mutation: You are frail. (-10% HP) [an orb of fire]
 64658 | Zot:2    | Killed an orb of fire
 64763 | Zot:3    | Identified the +6 dagger of the Shrinking Big Fish {drain,
                  | *Slow Will++ Str+3 Int+3}
 64828 | Zot:2    | Reached skill level 12 in Throwing
 64834 | Zot:2    | Lost mutation: You occasionally shout uncontrollably at
                  | your foes. [potion of mutation]
 64834 | Zot:2    | Lost mutation: You are weak. (Str -2) [potion of mutation]
 64834 | Zot:2    | Lost mutation: You are vulnerable to cold. (rC-) [potion of
                  | mutation]
 64834 | Zot:2    | Lost mutation: Your mind is acute. (Int +4, Str/Dex -1)
                  | [potion of mutation]
 64834 | Zot:2    | Gained mutation: You are somewhat resistant to further
                  | mutation. [potion of mutation]
 64935 | Zot:3    | Killed an electric golem
 65128 | Zot:3    | Noticed an electric golem
 65141 | Zot:3    | Killed an electric golem
 65167 | Zot:3    | Got the Volume of The Black Sun
 65907 | Zot:4    | Found the +4 dragonskin cloak
 65907 | Zot:4    | Noticed Tiamat
 66103 | Zot:4    | Killed Tiamat
 66270 | Zot:4    | Reached skill level 24 in Fighting
 66596 | Zot:4    | Reached skill level 13 in Throwing
 66697 | Zot:4    | Noticed an electric golem
 66733 | Zot:4    | Killed an electric golem
 66808 | Zot:4    | Noticed an electric golem
 66832 | Zot:4    | Killed an electric golem
 67542 | Zot:5    | Entered Level 5 of the Realm of Zot
 67999 | Zot:5    | Noticed an ancient lich
 68016 | Zot:5    | Killed an ancient lich
 68019 | Zot:5    | Noticed an orb of fire
 68039 | Zot:5    | Killed an orb of fire
 68250 | Zot:5    | Identified the +2 falchion of Brutal Revenge {drain, Int+3}
 68250 | Zot:5    | Noticed an orb of fire
 68260 | Zot:5    | Gained mutation: You occasionally lose the ability to read
                  | scrolls when taking damage. [an orb of fire]
 68268 | Zot:5    | Killed an orb of fire
 68269 | Zot:5    | Reached XP level 26. HP: 214/236 MP: 34/37
 68341 | Zot:5    | Noticed a curse toe
 68354 | Zot:5    | Killed a curse toe
 68395 | Zot:5    | Reached skill level 25 in Fighting
 68459 | Zot:5    | Noticed a curse toe
 68461 | Zot:5    | Noticed an electric golem
 68464 | Zot:5    | Reached skill level 14 in Throwing
 68465 | Zot:5    | Killed a curse toe
 68472 | Zot:5    | Killed an electric golem
 68636 | Zot:5    | Noticed an ancient lich
 68652 | Zot:5    | Killed an ancient lich
 68958 | Zot:5    | Got the Orb of Zot
 69015 | Zot:5    | Noticed Ofiemeank the pandemonium lord
 69320 | D:11     | Noticed Gucriuz the pandemonium lord
 69333 | D:10     | Killed Gucriuz the pandemonium lord
 69401 | D:7      | Gained mutation: Your magical capacity is low. (-10% MP) [a
                  | cacodemon]
 69535 | D:$      | Escaped with the Orb!

Vanquished Creatures
  3 dread liches
  2 ancient liches (Zot:5)
  3 orbs of fire
  Tiamat (Zot:4)
  Mennas (Depths:2)
  2 juggernauts (Depths:2)
  Sojobo (Depths:2)
  Boris (Crypt:1)
  Parghit (Depths:3)
  Bai Suzhen (Crypt:1)
  3 Killer Klowns (Zot:5)
  Frederick (Crypt:2)
  11 golden dragons
  2 curse toes (Zot:5)
  4 caustic shrikes
  the Enchantress (Depths:2)
  Jory (Crypt:3)
  2 bone dragons (Zot:4)
  A pandemonium lord (D:10)
  Jorgrun (Swamp:1)
  15 tentacled monstrosities
  12 liches
  7 electric golems
  A walking earthen tome (Depths:2)
  19 Orb Guardians
  Asterion (Vaults:1)
  Rupert (D:15)
  12 quicksilver dragons
  2 deep elf master archers
  A walking frostbound tome (Depths:2)
  3 titans (Vaults:5)
  2 deep elf blademasters (Elf:3)
  10 sphinxes
  Kirke (Snake:3)
  A walking divine tome (Depths:2)
  4 ancient champions
  8 death cobs
  Donald (Vaults:4)
  3 thorn hunters (Swamp:4)
  3 fenstrider witches (Swamp:4)
  12 shadow dragons
  11 draconian monks
  13 tengu reavers
  23 storm dragons
  4 nagarajas (Snake:4)
  14 fire giants
  6 draconian knights
  10 iron dragons
  15 frost giants
  16 vault wardens
  4 deep elf sorcerers (Elf:3)
  9 draconian scorchers
  2 ghost moths (Zot:5)
  3 curse skulls
  4 draconian stormcallers
  Aizul (Snake:2)
  17 ironbound preservers
  9 draconian shifters
  7 draconian annihilators
  A reaper (Swamp:4)
  14 very ugly things
  5 ghouls
  3 deep elf elementalists
  A cacodemon (D:7)
  2 orc warlords
  A formless jellyfish (Vaults:4)
  5 war gargoyles
  4 spriggan defenders
  A juggernaut skeleton (Crypt:3)
  A caustic shrike skeleton (Depths:3)
  A rockslime zombie (Crypt:2)
  17 vampire knights
  8 green draconians
  11 eleionomae
  16 stone giants
  5 ironbound thunderhulks
  A demonspawn black sun (Zot:3)
  11 deep elf annihilators
  13 purple draconians
  15 dire elephants
  14 black draconians
  Nessos (D:12)
  10 deep elf demonologists
  13 white draconians
  6 red draconians
  A minotaur (Gauntlet)
  11 yellow draconians
  2 spark wasps
  3 deep elf death magi
  2 bunyips (Swamp:2)
  Snorg (D:13)
  The ghost of liarliar the Brawler, a journeyman TrWr of Cheibriados (Lair:2)
  2 eidola
  4 crystal guardians
  7 great orbs of eyes
  2 entropy weavers
  Josephine (D:11)
  18 ettins
  14 fire dragons
  2 blizzard demons
  11 jiangshi
  17 yaktaur captains
  11 ice dragons
  4 rakshasas
  Harold (Lair:1)
  A quicksilver dragon skeleton (Crypt:2)
  7 deep elf high priests
  12 hydras
  25 vault guards
  4 ghost crabs
  16 centaur warriors
  14 ironbound frosthearts
  7 anacondas
  9 alligators
  4 peacekeepers
  3 ogre magi
  A death knight (Crypt:1)
  An azure jelly zombie (Crypt:2)
  The ghost of Dittersdorf the Blocker, a journeyman GrFi of Okawaru (D:8)
  6 spriggan air magi
  4 boulder beetles
  8 two-headed ogres
  9 dancing weapons
  6 death yaks
  5 deep troll shamans
  17 naga warriors
  14 tengu warriors
  10 spriggan berserkers
  5 deep troll earth magi
  Urug (D:12)
  6 spriggans
  10 naga sharpshooters
  An orc high priest (Elf:2)
  A titan zombie (Crypt:3)
  14 vampire magi
  12 deep elf knights
  8 soul eaters
  9 shock serpents
  A sun demon (Depths:4)
  2 shadow wraiths (Crypt:3)
  13 hell knights
  A fire crab (Gauntlet)
  Amaemon (Lair:1)
  2 skysharks
  A death drake (shapeshifter) (D:14)
  An iron troll (Depths:4)
  A salamander mystic (Depths:4)
  9 spriggan druids
  20 skeletal warriors
  4 sixfirhies
  2 spark wasp zombies (Depths:3)
  A storm dragon skeleton (Zot:4)
  A bunyip zombie (Crypt:1)
  2 death drakes (Zot:4)
  7 goliath frogs
  2 glowing orange brains
  8 sea snakes (Snake:4)
  41 deep trolls
  16 ironbound convokers
  A golden dragon zombie (Crypt:3)
  10 flayed ghosts
  4 bog bodies
  5 swamp dragons
  6 deep elf archers
  8 lindwurms
  Pikel (D:8)
  6 mana vipers
  A shadow dragon zombie (Vaults:4)
  6 naga ritualists
  8 wizards
  6 necromancers
  12 deep elf zephyrmancers
  A wolf spider (shapeshifter) (Vaults:5)
  24 phantasmal warriors
  17 deep elf pyromancers
  4 cyclopes
  An iron giant skeleton (Crypt:3)
  13 orc knights
  A tengu skeleton (Vaults:4)
  3 orc sorcerers
  3 will-o-the-wisps
  42 ugly things
  25 moths of wrath
  4 manticores
  2 human zombies (Vaults:4)
  A stone giant zombie (Vaults:4)
  6 elephants
  11 salamanders
  2 smoke demons (Crypt:3)
  10 vault sentinels
  9 guardian serpents
  34 black mambas
  5 rust devils (Depths:4)
  A centaur skeleton (Crypt:3)
  21 naga magi
  A dire elephant zombie (Crypt:3)
  Maurice (D:11)
  5 gargoyles
  5 orange demons
  A water nymph (shapeshifter) (Vaults:5)
  Maggie (D:7)
  13 cane toads
  A kobold demonologist (D:12)
  An efreet (D:14)
  A storm dragon simulacrum (Vaults:4)
  A hellion (D:10)
  39 yaktaurs
  9 komodo dragons
  An unseen horror (D:12)
  3 rime drakes
  8 tengu conjurers
  A white draconian skeleton (Crypt:2)
  3 freezing wraiths
  3 ice devils (Lair:5)
  A guardian mummy (Zot:4)
  5 trolls
  8 red devils
  A green draconian skeleton (Crypt:1)
  20 polar bears
  A human skeleton (Vaults:4)
  A queen bee (shapeshifter) (Vaults:5)
  4 hellwings
  A polar bear (shapeshifter) (D:15)
  A hornet (shapeshifter) (Vaults:5)
  A tarantella (Vaults:1)
  9 tyrant leeches
  4 hornets
  A harpy skeleton (Crypt:3)
  2 tarantellas (shapeshifter)
  2 boulder beetle zombies
  39 blink frogs
  A dream sheep (D:13)
  An ettin zombie (Crypt:3)
  A centaur simulacrum (D:12)
  54 slime creatures
  3 air elementals
  A wyvern (D:8)
  5 flying skulls (Crypt:1)
  5 vampires
  34 yaks
  A culicivora (Vaults:1)
  6 shadows
  A culicivora (shapeshifter) (D:15)
  3 water elementals
  16 wraiths
  6 fire bats (Gauntlet)
  Eustachio (D:5)
  4 hogs
  11 basilisks
  3 chaos spawn (Swamp:4)
  A hog (shapeshifter) (D:14)
  The ghost of IdlyInterested the Trooper, an amateur DsWn (D:3)
  8 golden eyes
  3 fire elementals
  18 vampire mosquitoes
  A neqoxec (Swamp:4)
  3 humans (Snake:3)
  A warg (Elf:2)
  Menkaure (D:7)
  Grum (Lair:1)
  2 steam dragons (D:9)
  A redback (Vaults:1)
  A redback (shapeshifter) (Depths:3)
  9 swamp worms
  An entropy weaver zombie (Crypt:1)
  A swamp worm (shapeshifter) (Vaults:5)
  39 nagas
  A glowing shapeshifter zombie (Vaults:4)
  Duvessa (D:7)
  5 hell hounds
  3 swamp drakes (Swamp:4)
  20 water moccasins
  5 floating eyes (Depths:2)
  41 orc warriors
  2 ice beasts (D:7)
  7 black bears
  7 ogres
  A black bear (shapeshifter) (Elf:3)
  A blink frog zombie (Crypt:2)
  A manticore zombie (Crypt:2)
  28 wolves
  14 centaurs
  A lindwurm skeleton (Crypt:2)
  2 snapping turtle skeletons
  2 lemures (D:8)
  2 phantoms (D:5)
  A swamp dragon skeleton (Crypt:3)
  6 kobold brigands
  12 bullfrogs
  4 necrophages
  A gnoll sergeant (D:8)
  Dowan (D:7)
  3 earth elementals
  3 scorpions
  2 spriggan zombies
  6 wights
  5 killer bees (D:9)
  4 howler monkeys
  4 electric eels
  2 jellies (D:5)
  7 hounds
  15 orc priests
  A hell rat (Lair:5)
  2 iguanas
  23 orc wizards
  A sky beast zombie (Crypt:2)
  2 boggart simulacra (D:15)
  6 gnolls
  11 adders
  A river rat (D:5)
  6 shadow imps
  2 white imps
  A worm (D:2)
  3 dart slugs
  99 orcs
  13 bats
  A bat zombie (Crypt:1)
  11 endoplasms
  9 giant cockroaches
  4 goblins
  8 hobgoblins
  6 quokkas
  9 ball pythons
  A ball python skeleton (Crypt:1)
  2 frilled lizards
  23 kobolds
  12 rats
  A rat zombie (Crypt:1)
  A river rat skeleton (Crypt:1)
  2 spectral weapons
2255 creatures vanquished.

Vanquished Creatures (others)
  A dread lich (Crypt:3)
  A golden dragon (Zot:3)
  A tentacled monstrosity (Depths:4)
  2 Orb Guardians (Zot:5)
  A deep elf master archer (Elf:3)
  A storm dragon (Zot:3)
  An iron dragon (Depths:2)
  A nagaraja (Snake:4)
  A ghost moth (Depths:4)
  A draconian stormcaller (Zot:3)
  2 stone giants (Depths:2)
  2 ironbound thunderhulks
  A vampire knight (Crypt:2)
  A demonspawn black sun (Zot:3)
  A deep elf annihilator (Vaults:5)
  A deep elf demonologist (Vaults:5)
  A black draconian (Zot:5)
  A white draconian (Depths:4)
  A spark wasp (Depths:2)
  A purple draconian (Zot:4)
  A deep elf high priest (Elf:1)
  3 vault guards
  A rakshasa (Depths:3)
  A peacekeeper (Vaults:1)
  A spriggan air mage (Swamp:4)
  A centaur warrior (Vaults:4)
  A death knight (Crypt:1)
  A two-headed ogre (D:10)
  A dancing weapon (Elf:2)
  A deep troll shaman (Depths:2)
  A death yak (Lair:4)
  A vampire mage (Depths:1)
  3 deep trolls
  A flayed ghost (Crypt:2)
  A deep elf zephyrmancer (Elf:1)
  A salamander (Snake:4)
  A moth of wrath (Zot:2)
  A cyclops (D:15)
  A water nymph (shapeshifter) (Elf:1)
  A cane toad (Lair:2)
  A smoke demon (Crypt:3)
  A yaktaur (Vaults:1)
  A tengu conjurer (Depths:2)
  2 bloated husks
  A blink frog (Lair:2)
  2 slime creatures
  A water elemental (Elf:1)
  A swamp worm (shapeshifter) (Depths:3)
  A swamp drake (Swamp:1)
  A human (D:5)
  A wolf (Lair:3)
  A wight (D:7)
  An orc wizard (D:8)
  3 orcs
  A kobold (D:9)
  11 foxfires
77 creatures vanquished.

Grand Total: 2332 creatures vanquished

Table legend: (Time is in decaauts)
 A = Elapsed time spent in this place.
 B = Non-inter-level travel time spent in this place.
 C = Inter-level travel time spent in this place.
 D = Time resting spent in this place.
 E = Time spent auto-exploring this place.
 F = Levels seen in this place.
 G = Mean time per level.
                   A        B        C        D        E       F      G
               +--------+--------+--------+--------+--------+-----+--------+
         Total |  68023 |  59359 |   8664 |   7446 |  36839 |  54 | 1259.7 |
       Dungeon |  18491 |  15148 |   3343 |   1641 |  10287 |  15 | 1232.7 |
        Temple |     45 |     45 |      0 |      0 |     17 |   1 |   45.0 |
          Lair |   9063 |   8001 |   1062 |   1330 |   4985 |   5 | 1812.6 |
         Swamp |   3258 |   3113 |    145 |    325 |   2028 |   4 |  814.5 |
     Snake Pit |   5105 |   4063 |   1042 |    221 |   2992 |   4 | 1276.2 |
  Orcish Mines |   1467 |   1217 |    250 |     34 |    896 |   2 |  733.5 |
   Elven Halls |   3625 |   3228 |    397 |    260 |   2330 |   3 | 1208.3 |
        Vaults |   7681 |   6408 |   1273 |    533 |   4185 |   5 | 1536.2 |
         Crypt |   3805 |   3649 |    156 |    251 |   2146 |   3 | 1268.3 |
        Depths |   8525 |   7893 |    632 |   1350 |   4238 |   4 | 2131.2 |
           Zot |   6354 |   5995 |    359 |   1452 |   2373 |   5 | 1270.8 |
        Bazaar |    119 |    119 |      0 |      0 |     97 |   1 |  119.0 |
        Wizlab |     22 |     22 |      0 |      0 |      0 |   1 |   22.0 |
      Gauntlet |    455 |    455 |      0 |     46 |    264 |   1 |  455.0 |
               +--------+--------+--------+--------+--------+-----+--------+

Top non-repeatable levels by time:
Depths:2: 3514 daAuts
  Lair:2: 2888 daAuts
  Lair:1: 2294 daAuts
    D:12: 2183 daAuts
Depths:4: 2174 daAuts
Vaults:1: 1943 daAuts
   Zot:2: 1837 daAuts
Vaults:2: 1808 daAuts
 Crypt:3: 1784 daAuts
     D:9: 1600 daAuts
   Zot:4: 1562 daAuts
 Snake:1: 1542 daAuts
Vaults:5: 1539 daAuts
 Swamp:4: 1508 daAuts
Depths:3: 1492 daAuts

Table legend:
 A = Non-vault XP
 B = Vault XP
 C = Vault XP percentage of total XP
 D = Non-vault monster count
 E = Vault monster count
 F = Vault count percentage of total count
                 A         B        C        D         E       F
            +---------+---------+-------+---------+---------+-------
      Total |  660831 |  784935 |  54.3 |    1274 |    1014 |  44.3
            +---------+---------+-------+---------+---------+-------
        D:1 |      23 |      11 |  32.4 |      15 |       7 |  31.8
        D:2 |      74 |       0 |   0.0 |      26 |       0 |   0.0
        D:3 |      98 |     204 |  67.5 |      16 |       4 |  20.0
        D:4 |     247 |      59 |  19.3 |      20 |       2 |   9.1
        D:5 |     448 |     221 |  33.0 |      10 |       9 |  47.4
        D:6 |     385 |       0 |   0.0 |      10 |       0 |   0.0
        D:7 |    1678 |     796 |  32.2 |      31 |       4 |  11.4
        D:8 |     716 |    1920 |  72.8 |      20 |       4 |  16.7
        D:9 |    2041 |       0 |   0.0 |      21 |       0 |   0.0
       D:10 |    2848 |       0 |   0.0 |      12 |       0 |   0.0
       D:11 |    3331 |    8603 |  72.1 |      10 |      21 |  67.7
       D:12 |    6995 |    6449 |  48.0 |      30 |      40 |  57.1
       D:13 |    1350 |    4759 |  77.9 |       5 |      21 |  80.8
       D:14 |    7638 |   11081 |  59.2 |      15 |      18 |  54.5
       D:15 |    7088 |    5940 |  45.6 |      16 |       9 |  36.0
     Lair:1 |    3618 |    4707 |  56.5 |      19 |      17 |  47.2
     Lair:2 |    6908 |    6109 |  46.9 |      22 |      22 |  50.0
     Lair:3 |    5709 |     577 |   9.2 |      27 |       3 |  10.0
     Lair:4 |    9059 |    4362 |  32.5 |      30 |      14 |  31.8
     Lair:5 |   17181 |   10774 |  38.5 |      52 |      35 |  40.2
    Swamp:1 |   11194 |    4750 |  29.8 |      17 |       5 |  22.7
    Swamp:2 |   11745 |       0 |   0.0 |      19 |       0 |   0.0
    Swamp:3 |    8116 |       0 |   0.0 |      19 |       0 |   0.0
    Swamp:4 |   12577 |   31421 |  71.4 |      20 |      42 |  67.7
    Snake:1 |   10285 |    3176 |  23.6 |      24 |       8 |  25.0
    Snake:2 |    9212 |    1063 |  10.3 |      19 |       1 |   5.0
    Snake:3 |   23421 |    2038 |   8.0 |      45 |       4 |   8.2
    Snake:4 |   13186 |   28521 |  68.4 |      27 |      44 |  62.0
      Orc:1 |    1254 |       0 |   0.0 |      26 |       0 |   0.0
      Orc:2 |    2683 |    5916 |  68.8 |      40 |      39 |  49.4
      Elf:1 |    9086 |   16699 |  64.8 |      17 |      36 |  67.9
      Elf:2 |    7179 |       0 |   0.0 |      18 |       0 |   0.0
      Elf:3 |   11832 |   25352 |  68.2 |      21 |      25 |  54.3
   Vaults:1 |   29097 |    9872 |  25.3 |      50 |      15 |  23.1
   Vaults:2 |   38365 |   15155 |  28.3 |      53 |      18 |  25.4
   Vaults:3 |   15595 |    4939 |  24.1 |      20 |       7 |  25.9
   Vaults:4 |   48160 |   27902 |  36.7 |      82 |      34 |  29.3
   Vaults:5 |   16450 |   88583 |  84.3 |      21 |      80 |  79.2
    Crypt:1 |   31578 |    6617 |  17.3 |      51 |       2 |   3.8
    Crypt:2 |   30922 |    6726 |  17.9 |      46 |       5 |   9.8
    Crypt:3 |       0 |   57543 | 100.0 |       0 |      82 | 100.0
   Depths:1 |   19036 |    3791 |  16.6 |      27 |       5 |  15.6
   Depths:2 |       0 |  166198 | 100.0 |       0 |     149 | 100.0
   Depths:3 |    1926 |   73000 |  97.4 |       7 |      80 |  92.0
   Depths:4 |   48799 |   18796 |  27.8 |      47 |      20 |  29.9
      Zot:1 |   18715 |    1184 |   6.0 |      19 |       1 |   5.0
      Zot:2 |   48840 |    5021 |   9.3 |      45 |       1 |   2.2
      Zot:3 |   39036 |    6969 |  15.1 |      33 |       6 |  15.4
      Zot:4 |   29313 |   38651 |  56.9 |      27 |      31 |  53.4
      Zot:5 |   35794 |   63803 |  64.1 |      27 |      29 |  51.8
   Gauntlet |       0 |    4677 | 100.0 |       0 |      15 | 100.0
            +---------+---------+-------+---------+---------+-------
